Unix NetHack Version 5.0.0-0 post-release - last build Jun 10 2026 00:39:30 (3ee93aec679c4c4259841fe613dc97188e26a321,branch:main).

Game began 2026-06-10 13:29:24, ended 2026-06-10 13:39:10.

DiePARTEI, neutral female human Tourist

                 ----      ---
                 |..--    --.----                       ---     ----       ----
                 |...|    |.....---                    --.---- --..|      --..|
                 |.|.|    --.|....|                    |.....| |...--     |...|
                 |.|.----  |.|--..|                    |.....---....|     |...|
                 |.|....-- |.| |..--                   |-...........-------.---
                --.|---..| |.| |-..|                   |.............--.....|
                |..| --..--|^| |...|              ------................------
               --.-- |....||.| --..|              |....................-----.|
               |..|  --.|.||<|  ----              |..--.....------.....| |...|
               |.--   --|.||.|                    ----|..----    --.------...--
 ---        ---|.--     |.--.--                       --..|       |.--- |.....|
 |.---     --..|..----  |.....----------               --.---     |...|--....--
 |...------|.........---|-=............-------   -------|...--    ---.|......|
 |.........--..........||.....--------.......--  |..|..--....-- ----........--
 ---------.........|...||.....-----  -------*.-- |.........>..|--...........--
         --------.--.------.....|.----     --..-----..........||.............|
                ------    |..........|      |.G@.G............|--......--.|.--
                          |.........--      |..-------.--....-- |.....-------
                          --.--------       ----     -----.---  --.----
                           ---                           ---     ---
DiePARTEI the Rambler       St:18 Dx:10 Co:17 In:13 Wi:8 Ch:15  Neutral
Dlvl:5  $:52 HP:0(23) Pw:7(7) AC:8  Xp:2 T:786 

Latest messages:
 There are several objects here.
 a - a +2 dart (at the ready) (32 in total).
 P - a broad short sword.
 Q - a hard hat.
 R - a large round shield.
 S - an orange gem.
 What do you want to wear? [*] R
 You are already wearing a shield.
 You can't go down here.
 You swap places with your housecat.
 The housecat is still eating.
 You descend the stairs.
 You climb up the stairs.
 What do you want to drop? [$a-dhj-oquxBCFH-S or ?*] R
 You drop a large round shield.
 You stop.  Your housecat is in the way!
 The housecat drops a crossbow bolt.
 You hear some noises.
 The housecat picks up a crossbow bolt.
 The gnome lord picks up a hooded cloak.
 You stop waiting.
 You descend the stairs.
 The dwarf throws a dagger!
 You are hit by a dagger.
 A gush of water hits the gnome's right arm!
 The gnome picks up a wand.
 The gnome zaps herself with a long wand!
 The gnome is suddenly moving faster.
 The housecat drops a crossbow bolt.
 In what direction? 2
 The dart hits the dwarf!
 The dwarf hits!
 You descend the stairs.
 What do you want to read? [joquxC or ?*] j
 As you read the scroll, it disappears.
 A map coalesces in your mind!
 Where do you want to travel to?
 (For instructions type a '?')
 The gnome wields a bow!
 The bow welds itself to the gnome's hand!
 You hear crashing rock.
 The gnome wields a thonged club!
 The gnome secures the tether on the thonged club.
 You hear crashing rock.
 The gnome swings his thonged club.
 The gnome hits!
 The gnome swings his thonged club.
 The gnome hits!
 You die...
 Do you want your possessions identified? [ynq] (y) q

Inventory:
 Coins    ('$')
  $ - 52 gold pieces
 Weapons  (')')
  L - 8 blessed +1 arrows
  K - 43 +0 arrows
  a - 31 +2 darts (at the ready)
  I - a +0 orcish dagger
  P - a +0 dwarvish short sword
 Armor    ('[')
  Q - an uncursed +0 dwarvish iron helm
  J - a cursed -2 orcish helm (being worn)
  F - a blessed +0 pair of low boots (being worn)
  B - an uncursed +0 shield of reflection (being worn)
  k - an uncursed +0 Hawaiian shirt with a sailboat motif (being worn)
 Comestibles  ('%')
  c - 4 uncursed food rations
  h - 2 uncursed lembas wafers
  d - an uncursed pancake
  b - 2 uncursed tripe rations
 Scrolls  ('?')
  q - an uncursed scroll of enchant armor
  o - an uncursed scroll of enchant weapon
  C - an uncursed scroll of enchant weapon
  x - a blessed scroll of fire
  j - 2 uncursed scrolls of magic mapping
  u - an uncursed scroll of teleportation
 Potions  ('!')
  H - an uncursed potion of fruit juice
 Tools    ('(')
  m - an uncursed credit card
  l - an expensive camera (0:48)
  n - a magic marker (0:20)
  O - an uncursed skeleton key
 Gems/Stones  ('*')
  N - a cursed agate stone
  M - a cursed worthless piece of black glass
  S - an uncursed worthless piece of orange glass

DiePARTEI the Tourist's attributes:

Background:
 You were a Rambler, a level 2 female human Tourist.
 You were neutral, on a mission for The Lady
 who was opposed by Blind Io (lawful) and Offler (chaotic).
 You were right-handed.
 You were in the Gnomish Mines, on level 5.
 You entered the dungeon 786 turns ago.
 You had 39 experience points, 1 more was needed to attain level 3.

Basics:
 You had 0 out of 23 hit points.
 You had all 7 energy points (spell power).
 Your armor class was 8.
 Your wallet contained 52 zorkmids.
 Autopickup was off.

Final Characteristics:
 Your strength was 18 (limit:18/100).
 Your dexterity was 10 (limit:18).
 Your constitution was 17 (limit:18).
 Your intelligence was 13 (limit:18).
 Your wisdom was 8 (limit:18).
 Your charisma was 15 (limit:18).

Final Status:
 You weren't hungry.
 You were unencumbered.
 You were bare handed.
 You were unskilled in bare handed combat.

Final Attributes:
 You were stridently aligned.
 You saw invisible.
 You had reflection.
 You are dead.

Miscellaneous:
 You encountered 1 bones level.
 Total elapsed playing time was 9 minutes and 45 seconds.

Major events:
 Turn
    1: DiePARTEI the neutral female human Tourist entered the dungeon
  700: entered the Gnomish Mines
  786: killed by a gnome

You didn't know any spells.

Skills:
 Fighting Skills
   bare handed combat [Unskilled]
   two weapon combat  [Unskilled]
   riding             [Unskilled]
 Weapon Skills
   dagger             [Unskilled]
   knife              [Unskilled]
   axe                [Unskilled]
   pick-axe           [Unskilled]
   short sword        [Unskilled]
   broadsword         [Unskilled]
   long sword         [Unskilled]
   two-handed sword   [Unskilled]
   saber              [Unskilled]
   mace               [Unskilled]
   morning star       [Unskilled]
   flail              [Unskilled]
   hammer             [Unskilled]
   quarterstaff       [Unskilled]
   polearms           [Unskilled]
   spear              [Unskilled]
   trident            [Unskilled]
   lance              [Unskilled]
   bow                [Unskilled]
   sling              [Unskilled]
   crossbow           [Unskilled]
   dart               [Basic]
   shuriken           [Unskilled]
   boomerang          [Unskilled]
   whip               [Unskilled]
   unicorn horn       [Unskilled]
 Spellcasting Skills
   divination spells  [Unskilled]
   enchantment spells [Unskilled]
   escape spells      [Unskilled]

Voluntary challenges:
 Character rerolling was not enabled.
 You were an atheist.
 You never hit with a wielded weapon.
 You never genocided any monsters.
 You never polymorphed an object.
 You never changed form.
 You used no wishes.
Achievements:
 You entered a shop.
 You entered the Gnomish Mines.

 The Dungeons of Doom: levels 1 to 2
    Level 1:
       Some fountains.
    Level 2:
       A general store.
       Stairs down to The Gnomish Mines.
 The Gnomish Mines: levels 3 to 5
    Level 3:
    Level 4:
    Level 5: <- You were here.
       A grave.
       Final resting place for
          you, killed by a gnome,
          Staengia-Val-Hum-Fem-Law, killed by a giant spider, while fainted from lack of food.


Vanquished creatures:
  a dwarf
  2 orc zombies
  a dwarf zombie
  2 gnomes
  4 gnome zombies
  a jackal
  a kobold
  2 goblins
  a grid bug
  4 lichens
  8 kobold zombies
  4 newts
31 creatures vanquished.

No species were genocided or became extinct.

Game over:
                       ----------
                      /          \
                     /    REST    \
                    /      IN      \
                   /     PEACE      \
                  /                  \
                  |    DiePARTEI     |
                  |      52 Au       |
                  |   killed by a    |
                  |      gnome       |
                  |                  |
                  |                  |
                  |       2026       |
                 *|     *  *  *      | *
        _________)/\\_//(\/(/\)/\//\/|_)_______

Aloha DiePARTEI the Tourist...

You died in The Gnomish Mines on dungeon level 5 with 376 points,
and 52 pieces of gold, after 786 moves.
You were level 2 with a maximum of 23 hit points when you died.

